 Dungeon Sprint DCSS version 0.24.0-123-gd5b16e6ec5 (webtiles) character file.

Game seed: 881699673061483264, levelgen mode: deterministic

137 Bombadil the Arsonist (level 5, 0/30 HPs)
             Began as a Tengu Fire Elementalist on Jan 4, 2020.
             Was an Initiate of Vehumet.
             Slain by a fire elemental (10 damage)
             ... summoned by a deep elf mage
             ... in the Dungeon (Sprint III: "The Ten Rune Challenge").
             The game lasted 00:02:37 (653 turns).

Bombadil the Arsonist (Tengu Fire Elementalist)      Turns: 653, Time: 00:02:37

Health: 0/30       AC:  4    Str:  9    XL:     5   Next: 20%
Magic:  10/13      EV: 14    Int: 16    God:    Vehumet [......]
Gold:   43         SH:  0    Dex: 14    Spells: 0/13 levels left

rFire    . . .     SeeInvis .   (no weapon)
rCold    . . .     Gourm    .   (no shield)
rNeg     . . .     Faith    .   a - +0 robe
rPois    .         Spirit   .   (helmet restricted)
rElec    .         Reflect  .   (no cloak)
rCorr    .         Harm     .   (no gloves)
MR       +....     NoTele   +   (boots unavailable)
Stlth    ++........             (no amulet)
HPRegen  0.10/turn              (no ring)
MPRegen  0.13/turn              (no ring)

@: no status effects
A: beak, talons 3, icy blue scales 1, magic resistance 1, robust 1, able to fly
a: Fly, Renounce Religion


You were in the Dungeon.
You worshipped Vehumet.
Vehumet was noncommittal.
You were not hungry.

You visited 1 branch You collected 43 gold pieces.

Inventory:

Armour
 a - a +0 robe (worn)
Scrolls
 i - a scroll of blinking
 j - a scroll of immolation {unknown}
 k - 2 scrolls of identify {unknown}
 l - 2 scrolls of remove curse {unknown}
 n - a scroll of holy word {unknown}
Potions
 d - a potion of curing
 e - a potion of heal wounds
 f - a potion of haste
 g - 2 potions of magic
 h - a potion of berserk rage
 m - 4 potions of flight
 o - a potion of cancellation {unknown}
Comestibles
 b - 4 chunks of flesh
 c - 3 rations


   Skills:
 + Level 4.1 Dodging
 + Level 3.5 Stealth
 + Level 4.7 Spellcasting
 + Level 3.2 Conjurations
 + Level 8.5 Fire Magic


You couldn't memorise any spells.
You knew the following spells:

 Your Spells              Type           Power        Failure   Level  Hunger
a - Flame Tongue          Conj/Fire      ###..        1%          1    None
b - Conjure Flame         Conj/Fire      ###.....     4%          3    ###....
c - Sticky Flame          Conj/Fire      ###.....     14%         4    ####...
d - Fireball              Conj/Fire      ###.......   36%         5    ######.

Your spell library contained the following spells:

 Spells                   Type           Power        Failure   Level  Hunger
 Throw Flame              Conj/Fire      ###...       1%          2    ##.....
 Inner Flame              Hex/Fire       ###.....     9%          3    ###....
 Animate Skeleton         Necr           N/A          16%         1    None
 Apportation              Tloc           #.....       16%         1    None
 Confusing Touch          Hex            #.....       16%         1    None
 Summon Small Mammal      Summ           #...         16%         1    None


Dungeon Overview and Level Annotations

Branches:
Dungeon (1/1)

Altars:
Elyvilon
Kikubaaqudgha
Sif Muna
Vehumet
Zin
The Shining One


Innate Abilities, Weirdness & Mutations

You have a beak for a mouth.
You have claws for feet.
You can fly continuously.
You are partially covered in icy blue scales. (AC +2)
You are resistant to hostile enchantments. (MR+)
You are robust. (+10% HP)


Message History

Unknown command.
The deep elf mage gestures wildly while chanting.
There is an open door here.
Casting: Flame Tongue (safe; 1% risk of failure)
Confirm with . or Enter, or press ? or * to list all spells.
Aiming: Sticky Flame (safe; 14% risk of failure)
Press: ? - help, Shift-Dir - straight line, f - deep elf mage
Aim: a deep elf mage, wielding a +0 long sword of holy wrath The sticky flame hits the deep elf mage.
The deep elf mage is lightly wounded.
The deep elf mage is covered in liquid flames!
The deep elf mage burns!
The fire elemental hits you. The fire elemental burns you!
The deep elf mage hits you but does no damage.
The deep elf mage burns!
The fire elemental hits you. The fire elemental burns you!
There is an open door to the Ecumenical Temple here.
The fire elemental misses you. The fire elemental hits you.
The fire elemental burns you!
You die...

..##.......#..#..#...#
##.##.##...#..#..###e#+###+
##.##.###..##'#..#..........
#.####.##..###...○°⌠........
.###..##..####...#...######+
#.....##..###...°#.⌠.#
###..##...##....☼#.).#
##..##....#.....E#'###
#..###..##.#....@#...# #..#
#..#####....#___# ▓▓▓▓ ▓▓▓▓
▓▓▓▓▓▓▓▓▓▓


You could see a fire elemental.

Vanquished Creatures
  A water elemental (D)
  A wizard (D)
  A kobold demonologist (D)
  A human (D)
  2 oozes (D)
  A phantom (D)
  2 rats (D)
9 creatures vanquished.

Vanquished Creatures (others)
  2 draconian scorchers (D)
  6 hellions (D)
  A yaktaur (D)
  4 plants (D)
13 creatures vanquished.

Grand Total: 22 creatures vanquished

Notes
Turn   | Place    | Note
-------+----------+-------------------------------------------
     0 | D        | Bombadil the Tengu Fire Elementalist began the quest for
                  | the Orb.
     0 | D        | Reached XP level 1. HP: 10/10 MP: 4/4
     9 | D        | Reached skill level 4 in Fire Magic
    42 | D        | Killed a yaktaur
    70 | D        | Reached XP level 2. HP: 12/15 MP: 2/6
    82 | D        | Killed a hellion
    82 | D        | Killed a hellion
   128 | D        | Killed a hellion
   128 | D        | Killed a white draconian scorcher
   140 | D        | Reached skill level 5 in Fire Magic
   143 | D        | Killed a hellion
   144 | D        | Killed a hellion
   145 | D        | Killed a hellion
   159 | D        | Killed a white draconian scorcher
   267 | D        | Reached XP level 3. HP: 8/19 MP: 0/8
   448 | D        | Reached skill level 6 in Fire Magic
   463 | D        | Gained mutation: You occasionally shout uncontrollably at
                  | your foes. [potion of mutation]
   463 | D        | Gained mutation: You are somewhat resistant to further
                  | mutation. [potion of mutation]
   464 | D        | Lost mutation: You occasionally shout uncontrollably at
                  | your foes. [potion of mutation]
   464 | D        | Lost mutation: You are somewhat resistant to further
                  | mutation. [potion of mutation]
   464 | D        | Gained mutation: You expend magic power (3 MP) to
                  | strengthen your wands. [potion of mutation]
   464 | D        | Gained mutation: You have a pair of small horns on your
                  | head. [potion of mutation]
   464 | D        | Gained mutation: You are partially covered in icy blue
                  | scales. (AC +2) [potion of mutation]
   465 | D        | Lost mutation: You expend magic power (3 MP) to strengthen
                  | your wands. [potion of mutation]
   465 | D        | Lost mutation: You have a pair of small horns on your head.
                  | [potion of mutation]
   465 | D        | Gained mutation: You are resistant to hostile enchantments.
                  | (MR+) [potion of mutation]
   465 | D        | Gained mutation: You are robust. (+10% HP) [potion of
                  | mutation]
   470 | D        | Learned a level 3 spell: Conjure Flame
   474 | D        | Noticed a water elemental
   478 | D        | Killed a water elemental
   478 | D        | Reached skill level 7 in Fire Magic
   478 | D        | Reached XP level 4. HP: 26/26 MP: 3/11
   484 | D        | Learned a level 4 spell: Sticky Flame
   547 | D        | Found a radiant altar of Vehumet.
   548 | D        | Found a shimmering blue altar of Sif Muna.
   548 | D        | Found an ancient bone altar of Kikubaaqudgha.
   548 | D        | Noticed a wizard
   551 | D        | Killed a wizard
   551 | D        | Reached skill level 8 in Fire Magic
   551 | D        | Gained mutation: You can fly continuously. [Tengu growth]
   551 | D        | Reached XP level 5. HP: 29/30 MP: 7/12
   568 | D        | Learned a level 5 spell: Fireball
   570 | D        | Became a worshipper of Vehumet
   641 | D        | Found a glowing silver altar of Zin.
   642 | D        | Found a glowing golden altar of the Shining One.
   642 | D        | Found a white marble altar of Elyvilon.
   642 | D        | Noticed a deep elf mage
   645 | D        | Noticed a fire elemental
   653 | D        | Slain by a fire elemental

Levels and vault maps discovered:
D:        dungeon_sprint_mu [sprint_mu_entry_cave, sprint_mu_temple_rooms,
          sprint_mu_d1_horrors, sprint_mu_d2_genie, sprint_mu_d3_branching,
          sprint_mu_orc_legion, sprint_mu_elf_gauntlet, sprint_mu_hive_nellie,
          sprint_mu_lair_fedhas, sprint_mu_vaults_butterflies,
          sprint_mu_slime_circle, sprint_mu_swamp_cave, sprint_mu_snake_twists,
          sprint_mu_blade_basic, sprint_mu_crypt_fortress,
          sprint_mu_tomb_spiral, sprint_mu_vestibule_basic,
          sprint_mu_gehenna_hellfire, sprint_mu_dis_giant,
          sprint_mu_tartarus_statrot, sprint_mu_cocytus_islands, sprint_mu_zot1]

Skill      XL: |  1  2  3  4 |
---------------+-------------+-----
Fire Magic     | 4 5 7 8 |  8.5
Dodging        | 3 4 |  4.1
Spellcasting   | 3 4 |  4.7
Stealth        | 3 |  3.5
Conjurations   | 2 3 |  3.2

Action                   |  1- 3 |  4- 6 || total
-------------------------+-------+-------++-------
 Cast: Flame Tongue      |    18 |     1 ||    19
       Conjure Flame     |     1 |       ||     1
       Sticky Flame      |       |     3 ||     3
  Use: Potion            |     3 |       ||     3
Armor: Robe              |     1 |     4 ||     5
Dodge: Dodged            |     6 |     2 ||     8
